 Dungeon Crawl Stone Soup version 0.27-a0-1065-ge809cff456 (webtiles) character file.

Game seed: 7263224125637991395

1554 siradein the Carver (level 8, 0/64 HPs)
             Began as a Minotaur Fighter on Apr 22, 2021.
             Succumbed to a water moccasin's poison
             ... on level 6 of the Dungeon.
             The game lasted 00:15:10 (5414 turns).

siradein the Carver (Minotaur Fighter)              Turns: 5414, Time: 00:15:12

Health: 0/64       AC:  6    Str: 21    XL:     8   Next: 57%
Magic:  7/7        EV:  9    Int:  5    God:
Gold:   216        SH:  9    Dex: 12    Spells: 7/7 levels left

rFire    + . .     SeeInvis .   a - +0 long sword
rCold    x . .     Faith    +   c - +0 kite shield
rNeg     . . .     Spirit   .   b - +0 scale mail
rPois    .         Reflect  .   (helmet restricted)
rElec    .         Harm     .   (no cloak)
rCorr    .         Rampage  .   (no gloves)
Will     +....                  (no boots)
Stlth    ..........             C - amulet of faith
HPRegen  0.20/turn              v - ring of willpower
MPRegen  0.10/turn              o - ring of fire

@: mighty, lethally poisoned (0 -> -9)
A: horns 2, retaliatory headbutt
a: no special abilities


You were on level 6 of the Dungeon.
You visited 2 branches of the dungeon, and saw 7 of its levels.

You collected 216 gold pieces.

Inventory:

Hand Weapons
 a - a +0 long sword (weapon)
Missiles
 l - 11 poisoned darts (quivered)
 z - 5 curare-tipped darts
Armour
 b - a +0 scale mail (worn)
 c - a +0 kite shield (worn)
Jewellery
 n - an amulet of guardian spirit
 o - a ring of fire (right hand)
 v - a ring of willpower (left hand)
 C - an amulet of faith (around neck)
Wands
 s - a wand of iceblast (10)
Scrolls
 e - 2 scrolls of noise {unknown}
 f - 11 scrolls of identify {unknown}
 g - 5 scrolls of fear {unknown}
 i - 3 scrolls of enchant weapon {unknown}
 k - 2 scrolls of magic mapping {unknown}
 m - a scroll of teleportation {unknown}
 r - a scroll of immolation {unknown}
 w - a scroll of amnesia {unknown}
 x - a scroll of fog {unknown}
 y - a scroll of enchant armour {unknown}
 B - a scroll of torment {unknown}
Potions
 d - a potion of might
 h - 2 potions of brilliance {unknown}
 j - 2 potions of haste {unknown}
 p - 3 potions of flight {unknown}
 q - a potion of resistance {unknown}
 t - a potion of attraction {unknown}
 u - 3 potions of lignification {unknown}
 A - 3 potions of curing {unknown}


   Skills:
 - Level 3.6 Fighting
 + Level 11.3 Long Blades
 - Level 3.6 Armour
 + Level 4.7 Dodging
 + Level 2.0 Stealth
 - Level 3.6 Shields


You had 7 spell levels left.
You didn't know any spells.
Your spell library was empty.

Dungeon Overview and Level Annotations

Branches:
Dungeon (6/15)             Temple (1/1) D:4

Altars:
Ashenzari
Cheibriados
Elyvilon
Fedhas
Gozag
Hepliaklqana
Kikubaaqudgha
Makhleb
Okawaru
Qazlal
Ru
Wu Jian
Xom
Yredelemnul
Zin
The Shining One
Lugonu

Shops:
D:2 !


Innate Abilities, Weirdness & Mutations

You have a pair of horns on your head.
You reflexively headbutt those who attack you in melee.


Message History

You kill the orc wizard!
Something hits you.
* * * LOW HITPOINT WARNING * * *
The orc wizard barely misses you.
You riposte.
You hit the orc wizard but do no damage.
You headbutt the orc wizard!
You kill the orc wizard!
You feel very mighty all of a sudden. Something hits you but does no damage.
You block the water moccasin's attack. Something hits you but does no damage.
Your shield prevents you from hitting the water moccasin.
The water moccasin bites you.
* * * LOW HITPOINT WARNING * * *
You are lethally poisoned!
The water moccasin poisons you!
Something hits you but does no damage. x2
The water moccasin bites you but does no damage.
You block something's attack.
You slice the water moccasin!!
Your headbutt misses the water moccasin.
The water moccasin is severely wounded.
* * * LOW HITPOINT WARNING * * *
You feel very sick. You block the water moccasin's attack.
You hear some strange, mumbled words.
A puff of flame appears from out of thin air!
The puff of flame hits you. You resist.
* * * LOW HITPOINT WARNING * * *
Something hits you but does no damage.
You slash the water moccasin!
You kill the water moccasin!
* * * LOW HITPOINT WARNING * * *
You feel very sick. Something hits you.
* * * LOW HITPOINT WARNING * * *
Something hits you but does no damage.
Your Stealth skill increases to level 2!
You slash something! You headbutt something.
Reactivating autopickup.
You feel a bit more experienced.
You die...

... .......#
..###... ......#
....#... #.....#
......###....###
...............#
#............##
#.......o...... ##
#.....#.l......
.#..##...)@##....##.
.......[.#)# .##..#
.#......#.)........
##..#.###..#..##..
#.##..# ..#.... ...
#..###...... #..#
#...#.....#..
.....##.......##..
....###.#.......#..


There were no monsters in sight!

Vanquished Creatures
  2 water moccasins
  A black bear (D:5)
  A necrophage (D:6)
  An ogre (D:6)
  A bullfrog (D:6)
  2 scorpions (D:5)
  A bullfrog skeleton (D:6)
  2 centaur zombies (D:5)
  An orc priest (D:6)
  3 hounds
  2 jellies
  An iron imp (D:4)
  A centaur skeleton (D:4)
  3 orc wizards (D:6)
  2 iguanas
  Robin (D:2)
  3 gnolls (D:5)
  5 adders
  3 worms (D:2)
  A dart slug (D:3)
  3 orcs (D:6)
  5 ball pythons
  5 endoplasms
  3 giant cockroaches
  21 goblins
  8 hobgoblins
  9 jackals
  7 kobolds
  4 quokkas
  4 bats
  2 frilled lizards
  A rat (D:1)
109 creatures vanquished.

Vanquished Creatures (others)
  A plant (D:6)
1 creature vanquished.

Grand Total: 110 creatures vanquished

Notes
Turn   | Place    | Note
-------+----------+-------------------------------------------
     0 | D:1      | siradein the Minotaur Fighter began the quest for the Orb.
     0 | D:1      | Reached XP level 1. HP: 19/19 MP: 0/0
   179 | D:1      | Reached skill level 3 in Long Blades
   187 | D:1      | Reached XP level 2. HP: 25/26 MP: 1/1
   454 | D:1      | Found a faded altar of an unknown god.
   969 | D:2      | Reached skill level 4 in Long Blades
   973 | D:2      | Reached XP level 3. HP: 31/31 MP: 2/2
  1315 | D:2      | Reached skill level 1 in Dodging
  1609 | D:2      | Reached XP level 4. HP: 30/39 MP: 1/3
  1796 | D:2      | Reached skill level 5 in Long Blades
  1800 | D:2      | Noticed Robin
  1825 | D:2      | Killed Robin
  2046 | D:2      | Found Sotiniul's Distillery.
  2326 | D:3      | Found a blossoming altar of Fedhas.
  2816 | D:3      | Found a glowing golden altar of the Shining One.
  2816 | D:3      | Found an ornate altar of the Wu Jian Council.
  2962 | D:4      | Found a staircase to the Ecumenical Temple.
  2986 | Temple   | Entered the Ecumenical Temple
  3132 | D:4      | Reached XP level 5. HP: 45/45 MP: 4/4
  3377 | D:4      | Found an opulent altar of Gozag.
  3504 | D:4      | Found a snail-covered altar of Cheibriados.
  3510 | D:4      | Reached skill level 6 in Long Blades
  3730 | D:4      | Reached skill level 1 in Stealth
  3897 | D:5      | Entered Level 5 of the Dungeon
  3922 | D:5      | Reached XP level 6. HP: 51/51 MP: 5/5
  4018 | D:5      | Reached skill level 7 in Long Blades
  4543 | D:5      | Reached skill level 9 in Long Blades
  4543 | D:5      | Reached XP level 7. HP: 47/57 MP: 3/6
  4660 | D:5      | Found a burning altar of Makhleb.
  4660 | D:5      | Found a white marble altar of Elyvilon.
  4791 | D:5      | Found a basalt altar of Yredelemnul.
  4897 | D:6      | Upgraded the game from 0.27-a0-1060-gcb85b5eba1 to
                  | 0.27-a0-1065-ge809cff456
  5046 | D:6      | Reached XP level 8. HP: 42/64 MP: 4/7
  5142 | D:6      | Reached skill level 10 in Long Blades
  5408 | D:6      | Reached skill level 11 in Long Blades
  5413 | D:6      | HP: 2/64 [poisoned by a water moccasin]
  5414 | D:6      | Succumbed to a water moccasin's poison

Illustrated notes

Levels and vault maps discovered:
D:1:      scummos_arrival_hexagon, layout_loops_ring, basic_ecumenical_altar,
          minmay_misc_feat_pillars, kennysheep_decorative_pillar,
          minmay_hedge_maze, serial_bayou_pond_e, minmay_pentomino_v2
D:2:      layout_basic, serial_shops, shop, kennysheep_another_room,
          minmay_misc_feat_diagonals, bh_walls_and_bars, uniq_robin
D:3:      layout_loops_ring, fedhas_ov_isle_minmay,
          gammafunk_temple_overflow_statue
D:4:      layout_gridville, kennysheep_little_box, slow_altar_2, temple_pool_b
D:5:      layout_loops_ring, nicolae_overflow_hidden_temple, minitemple
D:6:      layout_cave_pools, lemuel_doored_altar, kennysheep_mini,
          serial_bayou_crossing
Temple:   corrupted_temple

Skill      XL: |  1  2  3  4  5  6  7  8 |
---------------+-------------------------+-----
Long Blades    | 3 4 5 6 9 11 | 11.3
Dodging        | 1 2 3 4 |  4.7
Stealth        | 1 2 |  2.0
Fighting       | |  3.6
Armour         | |  3.6
Shields        | |  3.6

Action                   |  1- 3 |  4- 6 |  7- 9 || total
-------------------------+-------+-------+-------++-------
Melee: Long sword        |   112 |   116 |    62 ||   290
       Headbutt          |    18 |    21 |    21 ||    60
  Use: Potion            |       |       |     1 ||     1
Armor: Scale mail        |    37 |    54 |    40 ||   131
Dodge: Dodged            |    39 |    47 |    16 ||   102
Block: Kite shield       |    54 |    61 |    37 ||   152
       Rpst.: Long sword |    15 |    10 |     7 ||    32

Table legend: (Time is in decaauts)
 A = Elapsed time spent in this place.
 B = Non-inter-level travel time spent in this place.
 C = Inter-level travel time spent in this place.
 D = Time resting spent in this place.
 E = Time spent auto-exploring this place.
 F = Levels seen in this place.
 G = Mean time per level.
                   A        B        C        D        E       F      G
               +--------+--------+--------+--------+--------+-----+--------+
         Total |   5519 |   5378 |    141 |    131 |   4418 |   7 |  788.4 |
       Dungeon |   5472 |   5331 |    141 |    131 |   4390 |   6 |  912.0 |
        Temple |     46 |     46 |      0 |      0 |     28 |   1 |   46.0 |
               +--------+--------+--------+--------+--------+-----+--------+

Top non-repeatable levels by time:
     D:2: 1291 daAuts
     D:5: 1119 daAuts
     D:4: 1019 daAuts
     D:1: 947 daAuts
     D:3: 671 daAuts
     D:6: 423 daAuts
  Temple: 46 daAuts
